 Dungeon Crawl Stone Soup version 0.27-b1-2-g8387495791 (webtiles) character file.

Game seed: 18372405017304320772

581 christhawk the Bolt Thrower (level 7, -2/58 HPs)
             Began as a Minotaur Hunter on July 25, 2021.
             Slain by an orc wizard (3 damage)
             ... on level 3 of the Dungeon.
             The game lasted 00:12:54 (3246 turns).

christhawk the Bolt Thrower (Minotaur Hunter)       Turns: 3246, Time: 00:12:54

Health: -2/58      AC:  9    Str: 17    XL:     7   Next: 14%
Magic:  6/6        EV: 11    Int:  8    God:
Gold:   78         SH:  0    Dex: 12    Spells: 6/6 levels left

rFire    . . .     SeeInvis .   b - +1 scythe (venom)
rCold    . . .     Faith    .   (shield currently unavailable)
rNeg     . . .     Spirit   .   e - +0 ring mail
rPois    +         Reflect  .   (helmet restricted)
rElec    .         Harm     .   c - +2 cloak {rPois}
rCorr    .         Rampage  .   g - +0 pair of gloves
Will     .....                  (no boots)
Stlth    +.........             (no amulet)
HPRegen  0.19/turn              (no ring)
MPRegen  0.10/turn              (no ring)

@: no status effects
A: horns 2, retaliatory headbutt
a: no special abilities


You were on level 3 of the Dungeon.
You visited 1 branch of the dungeon, and saw 4 of its levels.

You collected 78 gold pieces.

Inventory:

Hand Weapons
 a - the +7 triple crossbow "Kommuxt" {penet, rPois rF+ Int+2 Stlth+}
   (You acquired it on level 1 of the Dungeon)

   Any ammunition fired by it passes through the targets it hits, potentially
   hitting all targets in its path until it reaches maximum range.
   Int:       It affects your intelligence (+2).
   rF:        It protects you from fire.
   rPois:     It protects you from poison.
   Stlth:     It makes you more stealthy.
 b - a +1 scythe of venom (weapon)
Missiles
 i - 6 bolts
Armour
 c - a +2 cloak of poison resistance (worn)
 e - a +0 ring mail (worn)
 g - a +0 pair of gloves (worn)
Scrolls
 f - 2 scrolls of identify


   Skills:
 * Level 3.8 Fighting
 + Level 1.4 Short Blades
 + Level 1.0 Polearms
 * Level 7.7 Crossbows
 * Level 2.8 Armour
 * Level 3.5 Dodging
 + Level 1.0 Stealth


You had 6 spell levels left.
You didn't know any spells.
Your spell library contained the following spells:

 Spells                   Type           Power      Damage    Failure   Level
 Beastly Appendage        Tmut           0%         N/A       61%         1
 Slow                     Hex            0%         N/A       75%         2
 Wereblood                Tmut           0%         N/A       75%         2
 Confusing Touch          Hex            0%         N/A       93%         3
 Gell's Gravitas          Tloc           0%         N/A       93%         3
 Lesser Beckoning         Tloc           0%         N/A       93%         3
 Spider Form              Tmut/Pois      0%         N/A       93%         3
 Teleport Other           Tloc           0%         N/A       93%         3
 Yara's Violent Unravell  Hex/Tmut       0%         3d3       100%        5


Dungeon Overview and Level Annotations

Branches:
Dungeon (4/15)
 Temple: D:4-7

Altars:


Innate Abilities, Weirdness & Mutations

You have a pair of horns on your head.
You reflexively headbutt those who attack you in melee.


Message History

Something hits you but does no damage. The orc misses you.
Something hits you but does no damage. The orc closely misses you.
You furiously retaliate!
You headbutt the orc.
You kill the orc!
You barely miss something. Something hits you.
* * * LOW HITPOINT WARNING * * *
Something hits you.
* * * LOW HITPOINT WARNING * * *
You miss something. Your headbutt misses something.
Something hits you but does no damage. x2
You miss something.
You hear some strange, mumbled words.
A magic dart appears from out of thin air!
The magic dart hits you.
* * * LOW HITPOINT WARNING * * *
You hear some strange, mumbled words.
A puff of flame appears from out of thin air!
The puff of flame hits you.
* * * LOW HITPOINT WARNING * * *
You hit something.
Something hits you but does no damage. x2
You barely miss something.
You hear some strange, mumbled words.
You are confused.
Something hits you.
* * * LOW HITPOINT WARNING * * *
Things that are here:
a +0 falchion; an orc corpse Something hits you.
* * * LOW HITPOINT WARNING * * *
You closely miss something. Something hits you.
* * * LOW HITPOINT WARNING * * *
Something hits you but does no damage.
You miss something. Your headbutt misses something.
Something hits you but does no damage.
You hear some strange, mumbled words.
Something tries to affect you, but you resist.
You start resting.
You feel less confused. Something hits you.
You die...

##≈#........###..(......#
##)#
........#.......#.#.....#
#)#
...######.......#.#.....#
#.# ...#
#.......#.####### #.#
.#.# #.........##### #.#
)..# #.............# #.#
..####
#.......#####.#######.#
.....#
#....)..#####.........#
.###.#
#####.>)@..##..########
.###.##########)##.....#
............# #.#####.##
.###.######.# #.......#
.###.# #.# #########
.....# #.# ..####
####.### ..# #......# #.#
#.##.#.#


There were no monsters in sight!

Vanquished Creatures
  Sigmund (D:2)
  A phantom (D:4)
  3 orc priests (D:3)
  Terence (D:3)
  An iguana (D:4)
  Natasha (thrice) (D:3)
  A howler monkey zombie (D:4)
  4 adders
  2 worms (D:2)
  3 dart slugs
  10 orcs (D:3)
  6 endoplasms
  4 giant cockroaches
  8 goblins
  5 hobgoblins
  4 jackals (D:1)
  2 quokkas
  10 ball pythons
  4 bats
  3 frilled lizards
  6 kobolds
  6 rats
88 creatures vanquished.

Notes
Turn   | Place    | Note
-------+----------+-------------------------------------------
     0 | D:1      | christhawk the Minotaur Hunter began the quest for the Orb.
     0 | D:1      | Reached XP level 1. HP: 18/18 MP: 0/0
   216 | D:1      | Reached XP level 2. HP: 25/25 MP: 1/1
   326 | D:1      | Identified a scroll of acquirement
   326 | D:1      | Acquired the +7 triple crossbow "Kommuxt" {penet, rPois rF+
                  | Int+2 Stlth+}
   354 | D:1      | Reached skill level 5 in Crossbows
   387 | D:1      | Found a faded altar of an unknown god.
   648 | D:1      | Acquired a +2 cloak of poison resistance
   805 | D:1      | Reached XP level 3. HP: 30/30 MP: 2/2
  1542 | D:2      | Noticed Sigmund
  1544 | D:2      | Killed Sigmund
  1545 | D:2      | Reached skill level 1 in Short Blades
  1545 | D:2      | Reached skill level 6 in Crossbows
  1545 | D:2      | Reached skill level 1 in Stealth
  1545 | D:2      | Reached XP level 4. HP: 38/38 MP: 3/3
  1545 | D:2      | Reached XP level 5. HP: 45/45 MP: 4/4
  2291 | D:3      | Noticed Terence
  2297 | D:3      | Killed Terence
  2403 | D:3      | Noticed Natasha
  2404 | D:3      | Killed Natasha
  2405 | D:3      | Reached XP level 6. HP: 48/51 MP: 5/5
  2454 | D:3      | Reached skill level 7 in Crossbows
  2765 | D:3      | Noticed Natasha
  2766 | D:3      | Killed Natasha
  2801 | D:3      | Noticed Natasha
  2802 | D:3      | Killed Natasha
  2857 | D:4      | Reached skill level 1 in Polearms
  2857 | D:4      | Reached XP level 7. HP: 15/58 MP: 6/6
  3242 | D:3      | HP: 2/58 [something (3)]
  3246 | D:3      | Slain by an orc wizard

Illustrated notes

Levels and vault maps discovered:
D:1:      lightli_arrival_quake, layout_loops_cross,
          chequers_ecumenical_altar_simple, minmay_misc_feat_cross
D:2:      layout_loops_ring, uniq_sigmund
D:3:      layout_loops_cross, minivault_4, uniq_natasha, uniq_terence
D:4:      layout_cave_pools, minmay_misc_feat_alley

Skill      XL: |  1  2  3  4  5  6 |
---------------+-------------------+-----
Crossbows      | 5 6 7 |  7.7
Fighting       | 3 |  3.8
Short Blades   | 1 |  1.4
Armour         | 2 |  2.8
Stealth        | 1 |  1.0
Dodging        | 3 |  3.5
Polearms       | 1 |  1.0

Action                   |  1- 3 |  4- 6 |  7- 9 || total
-------------------------+-------+-------+-------++-------
Melee: Short sword       |     7 |       |       ||     7
       Headbutt          |     6 |     2 |     2 ||    10
       Dagger            |    39 |       |       ||    39
       Scythe            |       |    26 |    18 ||    44
 Fire: Hand crossbow     |     3 |       |       ||     3
       Triple crossbow   |    26 |    33 |     5 ||    64
  Use: Potion            |     3 |       |       ||     3
       Scroll            |     5 |     4 |       ||     9
Armor: Leather armour    |     1 |       |       ||     1
       Ring mail         |    12 |    18 |    21 ||    51
Dodge: Dodged            |    21 |    19 |    13 ||    53
